 Dungeon Crawl Stone Soup version 0.22-a0-551-g3b2bdd4ba6 (webtiles) character file.

81 Hercules1031 the Skirmisher (level 4, 0/40 HPs)
             Began as a Hill Orc Fighter on June 25, 2018.
             Was an Initiate of Beogh.
             Succumbed to an adder's poison
             ... on level 3 of the Dungeon.
             The game lasted 00:05:59 (1733 turns).

Hercules1031 the Skirmisher (Hill Orc Fighter)      Turns: 1733, Time: 00:06:00

Health: 0/40       AC:  9    Str: 24      XL:     4   Next: 40%
Magic:  4/4        EV:  8    Int:  7 (8)  God:    Beogh [......]
Gold:   109        SH:  9    Dex:  9 (10) Spells: 3/3 levels left

rFire    . . .     SeeInvis .   a - +0 war axe
rCold    . . .     Gourm    .   c - +0 shield
rNeg     . . .     Faith    .   b - +0 scale mail
rPois    .         Spirit   .   (no helmet)
rElec    .         Reflect  .   (no cloak)
rCorr    .         Harm     .   h - +1 pair of gloves
MR       .....                  (no boots)
Stlth    ..........             (no amulet)
HPRegen  0.13/turn              (no ring)
MPRegen  0.09/turn              (no ring)

@: mighty, lethally poisoned (0 -> -3)
A: no striking features
a: Renounce Religion


You were on level 3 of the Dungeon.
You worshipped Beogh.
Beogh was noncommittal.
You were not hungry.

You visited 1 branch of the dungeon, and saw 3 of its levels.

You collected 109 gold pieces.

Inventory:

Hand Weapons
 a - a +0 war axe (weapon)
Armour
 b - a +0 scale mail (worn)
 c - a +0 shield (worn)
 h - a +1 pair of gloves (worn)
Scrolls
 e - a scroll of identify
Comestibles
 f - a ration


   Skills:
 + Level 4.2 Fighting
 + Level 3.6 Axes
 + Level 3.9 Armour
 + Level 1.1 Dodging
 + Level 3.8 Shields


You had 3 spell levels left.
You didn't know any spells.
Your spell library was empty.

Dungeon Overview and Level Annotations

Branches:
Dungeon (3/15)

Altars:
Makhleb
Nemelex Xobeh


Message History

You feel sick. The worm bites you but does no damage.
You slash the worm!
You kill the worm!
Beogh accepts your kill.
* * * LOW HITPOINT WARNING * * *
You feel sick.
Things that are here:
a war axe; a chain mail; an orc corpse
There is a lethal amount of poison in your body!
There is a lethal amount of poison in your body!
There is a lethal amount of poison in your body!
* * * LOW HITPOINT WARNING * * *
You feel sick.
* * * LOW HITPOINT WARNING * * *
You feel sick.
Found a short sword.
* * * LOW HITPOINT WARNING * * *
You feel sick.
Found 6 gold pieces.
You die...

####### #....(#
#.###### #.###.###
##.##.... ..# #.#..
..)...# ### #.#.#
#.##..# #.#.#
#.#...#### #.#.#
#.........
##.##.#.####.....##
#.....†.).......@.#
.....##.####.###..#
..... #......# #..#
..... #..#####
#...$ ..... #...
..##.. ..... ##.##
### #.# #...# #. .#
...# # #


There were no monsters in sight!

Vanquished Creatures
  3 adders
  2 oozes
  2 worms
  3 leopard geckos
  An orc (D:3)
  A giant cockroach (D:3)
  5 goblins
  5 hobgoblins
  5 kobolds
  4 bats
  3 frilled lizards (D:2)
  2 rats
36 creatures vanquished.

Vanquished Creatures (others)
  A quokka (D:3)
  A frilled lizard (D:3)
2 creatures vanquished.

Grand Total: 38 creatures vanquished

Notes
Turn   | Place    | Note
-------+----------+-------------------------------------------
     0 | D:1      | Hercules1031 the Hill Orc Fighter began the quest for the Orb.
     0 | D:1      | Reached XP level 1. HP: 19/19 MP: 1/1
    65 | D:1      | Reached XP level 2. HP: 23/27 MP: 2/2
   863 | D:2      | Reached XP level 3. HP: 33/33 MP: 3/3
   913 | D:2      | Reached skill level 4 in Fighting
   946 | D:2      | Found a burning altar of Makhleb.
   946 | D:2      | Noticed an Executioner
   956 | D:2      | Noticed a ynoxinul
   956 | D:2      | Noticed a neqoxec
  1132 | D:2      | Found a sparkling altar of Nemelex Xobeh.
  1478 | D:2      | Reached skill level 1 in Dodging
  1482 | D:2      | Reached XP level 4. HP: 37/40 MP: 4/4
  1664 | D:3      | Became a worshipper of Beogh the Brigand
  1726 | D:3      | HP: 2/40 [poisoned by an adder]
  1733 | D:3      | Succumbed to an adder's poison

Vault maps used:
D:1:      kennysheep_arrival_forest, minmay_stone_trees_medium,
          minmay_misc_feat_five
D:2:      lemuel_crystal_altar, makhleb_altar_promises_db
D:3:      cheibrodos_pilgrimage, first_ration

Skill      XL: |  1  2  3 |
---------------+----------+-----
Axes           | 3 |  3.6
Fighting       | 4 |  4.2
Dodging        | 1 |  1.1
Armour         | |  3.9
Shields        | |  3.8

Action                   |  1- 3 |  4- 6 || total
-------------------------+-------+-------++-------
Melee: War axe           |   113 |    19 ||   132
Invok: Convert to Beogh  |       |     1 ||     1
  Use: Potion            |     5 |     1 ||     6
       Scroll            |     2 |     2 ||     4
  Eat: Chunk             |     2 |       ||     2
       Ration            |       |     1 ||     1
Armor: Scale mail        |    66 |    19 ||    85
Dodge: Dodged            |    50 |    13 ||    63
Block: Shield            |    56 |    14 ||    70

Table legend:
 A = Spawn XP
 B = Non-spawn XP
 C = Spawn XP percentage of total XP
 D = Spawn monster count
 E = Non-spawn monster count
 F = Spawn count percentage of total count
 G = Total turns spent on level
                    A         B        C        D         E        F      G
               +---------+---------+-------+---------+---------+-------+---------
         Total |       0 |     116 |   0.0 |       0 |      36 |   0.0 |  1733
               +---------+---------+-------+---------+---------+-------+---------
           D:1 |       0 |      29 |   0.0 |       0 |      14 |   0.0 |   744
           D:2 |       0 |      53 |   0.0 |       0 |      15 |   0.0 |   914
           D:3 |       0 |      34 |   0.0 |       0 |       7 |   0.0 |    75
               +---------+---------+-------+---------+---------+-------+---------
